 Dungeon Crawl Stone Soup version 0.31-a0-844-gdc52ec4e09 (webtiles) character file.

Game seed: 13490140760881652524

67 subawu the Ruffian (level 4, 0/34 HPs)
             Began as a Gnoll Shapeshifter on Sept 29, 2023.
             Slain by an orc
             ... wielding a +0 short sword
              (2 damage)
             ... on level 3 of the Dungeon.
             The game lasted 00:02:42 (1073 turns).

subawu the Ruffian (Gnoll Shapeshifter)             Turns: 1073, Time: 00:02:44

Health: 0/34       AC:  3    Str: 16    XL:     4   Next: 16%
Magic:  5/5        EV: 13    Int:  9    God:
Gold:   21         SH:  0    Dex: 11    Spells: 5/5 levels left

rFire   . .          .
                       - Unarmed
rCold   . . .        (no shield)
rNeg    . . .        e - +0 leather armour
rPois   .            (helmet currently unavailable)
rElec   .            (cloak currently unavailable)
rCorr   .            (gloves currently unavailable)
SInv    .            (boots currently unavailable)
Will    .....        (no amulet)
Stlth   +            (no ring)
HPRegen 0.25/turn    (no ring)
MPRegen 0.09/turn

%: no passive effects
@: beast-form
A: beast (slay +3), fangs 1, strong nose, distributed training
a: Begin Untransformation


You were on level 3 of the Dungeon.
You were a hulking beast.
You visited 1 branch of the dungeon, and saw 3 of its levels.

You collected 21 gold pieces.

Inventory:

Hand Weapons
 h - a +0 demon blade of venom
Armour
 a - a +0 animal skin
 e - a +0 leather armour (worn)
 o - an orb of energy
Jewellery
 i - a +6 ring of intelligence
 m - a +6 ring of intelligence
 n - an amulet of faith
Talismans
 c - a beast talisman (active)
 d - a flux talisman
Scrolls
 f - a scroll of teleportation {unknown}
 j - a scroll of fear {unknown}
 p - a scroll of brand weapon {unknown}
 q - a scroll of noise {unknown}
Potions
 b - 2 potions of lignification
 g - a potion of might {unknown}
 k - a potion of heal wounds {unknown}
 l - a potion of degeneration {unknown}
 r - a potion of resistance {unknown}


   Skills:
 + Level 2.7 Fighting
 + Level 1.1 Short Blades
 + Level 1.1 Long Blades
 + Level 1.1 Axes
 + Level 1.1 Maces & Flails
 + Level 1.1 Polearms
 + Level 1.1 Staves
 + Level 1.1 Ranged Weapons
 + Level 1.1 Throwing
 + Level 1.1 Armour
 + Level 4.6 Dodging
 + Level 1.1 Stealth
 + Level 1.1 Shields
 + Level 6.6 Unarmed Combat
 + Level 1.1 Spellcasting
 + Level 0.8 Conjurations
 + Level 0.8 Hexes
 + Level 0.8 Summonings
 + Level 0.8 Necromancy
 + Level 0.8 Translocations
 + Level 0.8 Transmutations
 + Level 0.8 Fire Magic
 + Level 0.8 Ice Magic
 + Level 0.8 Air Magic
 + Level 0.8 Earth Magic
 + Level 0.8 Poison Magic
 + Level 1.2 Invocations
 + Level 1.1 Evocations
 + Level 6.5 Shapeshifting


You had 5 spell levels left.
You didn't know any spells.
Your spell library contained the following spells:

 Spells                   Type           Power      Damage    Failure   Level
 Kiss of Death            Conj/Necr      8%         2d6       32%         1
 Sandblast                Erth           4%         2d4       32%         1
 Passwall                 Tmut/Erth      1%         N/A       43%         2
 Confusing Touch          Hex            2%         N/A       67%         3
 Stone Arrow              Conj/Erth      4%         3d7       67%         3
 Brom's Barrelling Bould  Conj/Erth      2%         2d3       97%         4
 Dispel Undead            Necr           2%         3d7       97%         4


Dungeon Overview and Level Annotations

Branches:
Dungeon (3/15)

Altars:


Innate Abilities, Weirdness & Mutations

You are a hulking beast.
Your limbs bulge with bestial killing power. (Slay +3)
You have very sharp teeth.
Your uncanny sense of smell can sniff out nearby items.
Your experience applies equally to all skills.


Message History

The orc shouts! x3
A worm comes into view.
The orc hits you with a +0 hand axe. The orc barely misses you.
You hit the orc.
The orc is heavily wounded.
The orc hits you with a +0 hand axe. The orc hits you with a +0 falchion.
You punch the orc!
You kill the orc!
The orc barely misses you. The orc hits you with a +0 short sword.
Things that are here:
a +0 falchion; an orc corpse The orc misses you.
The orc attacks as it pursues you! The orc closely misses you.
You closely miss the orc. The orc misses you. The orc barely misses you.
The orc hits you with a +0 short sword.
You hit the orc. You bite the orc.
You kill the orc!
The orc barely misses you. The orc hits you but does no damage.
The worm bites you.
The giant cockroach waves its antennae.
An endoplasm comes into view.
The orc closely misses you. The orc misses you. The worm closely misses you.
You see here a +0 falchion.
Found a stone staircase leading down.
The orc closely misses you. The giant cockroach closely misses you.
The endoplasm quivers.
You punch the giant cockroach!
You kill the giant cockroach!
The orc hits you with a +0 hand axe. The orc barely misses you.
You barely miss the orc. Your punch misses the orc.
The orc hits you with a +0 hand axe!
* * * LOW HITPOINT WARNING * * *
The orc hits you with a +0 short sword.
* * * LOW HITPOINT WARNING * * *
You hit the orc.
The orc is almost dead.
The orc barely misses you. The worm bites you.
* * * LOW HITPOINT WARNING * * *
The orc hits you with a +0 short sword.
You die...

############. +>..
............. #...
.#........... #. #..#
#.##..†####. #.#####..##
#.##.#.# #. #.........#
#.##.#.####.
#.........#.#.##........
#.........#.#.####.#####
#.....Jh†!+.............
##....woo.###.####.#####
........).....# #.#
###.########### #.# #
#.# #.# #.# ∆ ∆ #.# ∆


You could see a worm, 2 orcs and an endoplasm.

Vanquished Creatures
  An adder (D:2)
  4 dart slugs
  2 orcs (D:3)
  3 ball pythons
  4 bats
  4 endoplasms
  3 giant cockroaches
  4 goblins
  4 hobgoblins
  8 kobolds
  2 quokkas (D:1)
  3 frilled lizards
  A rat (D:1)
43 creatures vanquished.

Notes
Turn   | Place    | Note
-------+----------+-------------------------------------------
     0 | D:1      | subawu the Gnoll Shapeshifter began the quest for the Orb.
     0 | D:1      | Reached XP level 1. HP: 17/17 MP: 1/1
   128 | D:1      | Reached XP level 2. HP: 19/23 MP: 2/2
   325 | D:1      | Reached XP level 3. HP: 23/28 MP: 3/3
   574 | D:2      | Reached skill level 1 in Invocations
   761 | D:2      | Reached skill level 1 in Short Blades
   761 | D:2      | Reached skill level 1 in Long Blades
   761 | D:2      | Reached skill level 1 in Axes
   761 | D:2      | Reached skill level 1 in Maces & Flails
   761 | D:2      | Reached skill level 1 in Polearms
   761 | D:2      | Reached skill level 1 in Staves
   761 | D:2      | Reached skill level 1 in Ranged Weapons
   761 | D:2      | Reached skill level 1 in Throwing
   761 | D:2      | Reached skill level 1 in Armour
   761 | D:2      | Reached skill level 1 in Stealth
   761 | D:2      | Reached skill level 1 in Shields
   761 | D:2      | Reached skill level 1 in Spellcasting
   761 | D:2      | Reached skill level 1 in Evocations
   961 | D:3      | Reached XP level 4. HP: 34/34 MP: 5/5
  1073 | D:3      | Slain by an orc

Illustrated notes

Levels and vault maps discovered:
D:1:      matt_arrival_refuge, layout_basic, serial_rivers,
          chequers_serial_rivers_large_b, chequers_serial_rivers_micro_b,
          chequers_serial_rivers_micro_d, chequers_serial_rivers_marsh,
          chequers_serial_rivers_micro_b, chequers_serial_rivers_large_a,
          minmay_cupped
D:2:      layout_loops_ring
D:3:      layout_basic, shapermc_ecumenical_altar_totnotflames

Skill      XL: |  1  2  3 |
---------------+----------+-----
Invocations    | 1 |  1.2
Short Blades   | 1 |  1.1
Long Blades    | 1 |  1.1
Axes           | 1 |  1.1
Maces & Flails | 1 |  1.1
Polearms       | 1 |  1.1
Staves         | 1 |  1.1
Ranged Weapons | 1 |  1.1
Throwing       | 1 |  1.1
Armour         | 1 |  1.1
Stealth        | 1 |  1.1
Shields        | 1 |  1.1
Spellcasting   | 1 |  1.1
Evocations     | 1 |  1.1
Fighting       | |  2.7
Dodging        | |  4.6
Unarmed Combat | |  6.6
Conjurations   | |  0.8
Hexes          | |  0.8
Summonings     | |  0.8
Necromancy     | |  0.8
Translocations | |  0.8
Transmutations | |  0.8
Fire Magic     | |  0.8
Ice Magic      | |  0.8
Air Magic      | |  0.8
Earth Magic    | |  0.8
Poison Magic   | |  0.8
Shapeshifting  | |  6.5

Action                     |  1- 3 |  4- 6 || total
---------------------------+-------+-------++-------
  Melee: Unarmed           |    91 |    12 ||   103
         Bite              |     8 |     1 ||     9
         Punch             |     1 |       ||     1
   Stab: Sleeping          |     1 |       ||     1
 Armour: Leather armour    |    60 |    13 ||    73
  Dodge: Dodged            |    76 |    19 ||    95

Table legend: (Time is in decaauts)
 A = Elapsed time spent in this place.
 B = Non-inter-level travel time spent in this place.
 C = Inter-level travel time spent in this place.
 D = Time resting spent in this place.
 E = Time spent auto-exploring this place.
 F = Levels seen in this place.
 G = Mean time per level.
                   A        B        C        D        E       F      G
               +--------+--------+--------+--------+--------+-----+--------+
         Total |   1061 |   1058 |      3 |      0 |    597 |   3 |  353.7 |
       Dungeon |   1061 |   1058 |      3 |      0 |    597 |   3 |  353.7 |
               +--------+--------+--------+--------+--------+-----+--------+

Top non-repeatable levels by time:
     D:1: 518 daAuts
     D:2: 422 daAuts
     D:3: 120 daAuts
